 Dungeon Crawl Stone Soup version 0.29-a0-982-gaed3a0c8d8 (webtiles) character file.

Game seed: 18100698232728899439

947 nicolae the Grappler (level 7, -8/61 HPs)
             Began as a Troll Transmuter on Aug 1, 2022.
             Mangled by an orc warrior
             ... wielding a +0 halberd
              (17 damage)
             ... on level 5 of the Dungeon.
             The game lasted 00:06:21 (3015 turns).

nicolae the Grappler (Troll Transmuter)             Turns: 3015, Time: 00:06:21

Health: -8/61      AC:  6    Str: 19    XL:     7   Next: 89%
Magic:  4/7        EV:  9    Int: 11    God:
Gold:   283        SH:  0    Dex: 10    Spells: 2/8 levels left

rFire   . . .      SeeInvis .     - Unarmed
rCold   . . .      Faith    .   (no shield)
rNeg    . . .      Spirit   .   k - +0 troll leather armour {Pargi}
rPois   .          Reflect  .   (helmet currently unavailable)
rElec   .          Harm     .   (no cloak)
rCorr   .          Rampage  .   (gloves unavailable)
Will    .....                   (boots unavailable)
Stlth   +.........              (no amulet)
HPRegen 1.80/turn               (no ring)
MPRegen 0.10/turn               (no ring)

@: appendages (expiring), very slightly contaminated
A: horns 2, talons 2, large, unfitting armour, claws 3, regeneration 1, shaggy
fur 1, tough skin 1
a: End Transformation


You were on level 5 of the Dungeon.
You had temporarily grown beastly horns and talons.
You visited 1 branch of the dungeon, and saw 5 of its levels.

You collected 283 gold pieces.

Inventory:

Missiles
 e - 2 boomerangs
 f - 4 poisoned darts
Armour
 k - a +0 troll leather armour (worn) {Pargi}
Scrolls
 c - a scroll of amnesia
 h - a scroll of magic mapping {unknown}
 j - a scroll of teleportation
 n - a scroll of torment {unknown}
 o - a scroll of identify
 q - a scroll of enchant armour {unknown}
 r - a scroll of blinking {unknown}
Potions
 a - a potion of magic
 b - 2 potions of lignification
 d - 3 potions of flight
 g - 3 potions of heal wounds
 i - a potion of invisibility
 l - a potion of haste
 m - a potion of attraction
 p - a potion of degeneration {unknown}
 s - 2 potions of curing


   Skills:
 - Level 0.7 Fighting
 - Level 1.5 Dodging
 + Level 9.6 Unarmed Combat
 - Level 1.2 Spellcasting
 - Level 1.3 Transmutations


You had 2 spell levels left.
You knew the following spells:

 Your Spells              Type           Power      Damage    Failure   Level
a - Beastly Appendage     Tmut           6%         N/A       22%         1
b - Wereblood             Tmut           3%         N/A       32%         2
c - Spider Form           Tmut/Pois      2%         N/A       63%         3

Your spell library contained the following spells:

 Spells                   Type           Power      Damage    Failure   Level
 Scorch                   Fire           0%         2d5       50%         2
 Ice Form                 Ice/Tmut       2%         N/A       95%         4
 Flame Wave               Conj/Fire      0%         2d4       98%         4
 Summon Cactus Giant      Summ           0%         N/A       100%        6


Dungeon Overview and Level Annotations

Branches:
Dungeon (5/15)
 Temple: D:4-7

Altars:

Shops:
D:4 [


Innate Abilities, Weirdness & Mutations

You have temporarily grown beastly horns and talons.
You are too large for most types of armour.
You have claws for hands.
Your natural rate of healing is unusually fast.
You are covered in fur. (AC +1)
You have tough skin. (AC +1)


Message History

Things that are here:
a +0 flail; a +0 chain mail You claw the orc warrior!
The orc warrior is heavily wounded.
You hear a shout!
The orc warrior hits you with a +0 halberd!
An orc wizard comes into view. It is wielding a +0 dagger.
You are too injured to fight recklessly!
You are too injured to fight recklessly!
You are too injured to fight recklessly!
You are too injured to fight recklessly!
You feel much better. The orc warrior barely misses you.
Casting: Beastly Appendage (safe; 22% risk of failure)
Confirm with . or Enter, or press ? or * to list all spells.
You grow a pair of large bovine horns.
Your feet morph into talons.
The orc warrior hits you with a +0 halberd!
You claw the orc warrior!
You headbutt the orc warrior, but do no damage.
The orc warrior is almost dead.
The orc warrior hits you with a +0 halberd!!
You are too injured to fight recklessly!
You are too injured to fight recklessly!
You are too injured to fight recklessly!
You are too injured to fight recklessly!
Casting: Beastly Appendage (safe; 22% risk of failure)
Confirm with . or Enter, or press ? or * to list all spells.
You miscast Wereblood.
You are very lightly contaminated with residual magic.
Nothing appears to happen.
The orc warrior hits you with a +0 halberd!
* * * LOW HITPOINT WARNING * * *
The orc wizard casts a spell.
The orc wizard flickers and vanishes!
Deactivating autopickup; reactivate with Ctrl-A.
You completely miss the orc warrior. Your kick misses the orc warrior.
You headbutt the orc warrior. Your claw misses the orc warrior.
The orc warrior is almost dead.
Your transformation is almost over.
The orc warrior hits you with a +0 halberd!
You die...

####### #
#oo@..# .
#{###.# #
#.# ###.#
#)# ....#
#.#
#########
#.#
........#
##.###.###
........+
..........#
........#
..#####.#.#


You could see an orc warrior and an orc wizard.

Vanquished Creatures
  Sigmund (D:4)
  Pargi (D:3)
  A water moccasin (D:5)
  2 ogres
  Blork the orc (D:4)
  A scorpion (D:5)
  A hound (D:5)
  A jelly (D:5)
  An orc wizard (D:2)
  4 gnolls (D:3)
  7 adders
  A worm (D:4)
  5 dart slugs
  12 orcs
  5 bats
  8 endoplasms
  4 giant cockroaches
  5 goblins
  7 hobgoblins
  2 jackals (D:1)
  5 kobolds
  5 quokkas
  3 ball pythons
  4 frilled lizards
  4 rats
91 creatures vanquished.

Notes
Turn   | Place    | Note
-------+----------+-------------------------------------------
     0 | D:1      | nicolae the Troll Transmuter began the quest for the Orb.
     0 | D:1      | Reached XP level 1. HP: 18/18 MP: 1/1
    70 | D:1      | Found a faded altar of an unknown god.
   159 | D:1      | Reached XP level 2. HP: 26/26 MP: 2/2
   286 | D:1      | Reached skill level 4 in Unarmed Combat
   503 | D:1      | Learned a level 2 spell: Wereblood
   650 | D:1      | Reached XP level 3. HP: 32/32 MP: 3/3
  1047 | D:2      | Reached XP level 4. HP: 38/40 MP: 4/4
  1195 | D:2      | Reached skill level 5 in Unarmed Combat
  1521 | D:3      | Noticed an ogre
  1702 | D:3      | Noticed Pargi
  1706 | D:3      | Killed Pargi
  1707 | D:3      | Reached skill level 6 in Unarmed Combat
  1707 | D:3      | Reached XP level 5. HP: 38/46 MP: 5/5
  1781 | D:3      | Killed an ogre
  1782 | D:3      | Reached skill level 7 in Unarmed Combat
  1782 | D:3      | Reached XP level 6. HP: 48/54 MP: 4/6
  2035 | D:4      | Noticed Sigmund
  2046 | D:4      | Killed Sigmund
  2047 | D:4      | Reached skill level 8 in Unarmed Combat
  2047 | D:4      | Reached XP level 7. HP: 61/61 MP: 5/7
  2101 | D:4      | Noticed Blork the orc
  2109 | D:4      | Killed Blork the orc
  2182 | D:4      | Learned a level 3 spell: Spider Form
  2212 | D:4      | Found Hiuwnawodd's Antique Armour Shop.
  2333 | D:4      | Identified the +2 robe of Uthoin {Rampage Dex+4}
  2559 | D:5      | Entered Level 5 of the Dungeon
  2611 | D:5      | Identified the +3 sling of the Messenger {vorpal, rC+++
                  | Str-4 Dex+2 SInv}
  2648 | D:5      | Reached skill level 9 in Unarmed Combat
  3015 | D:5      | Mangled by an orc warrior

Illustrated notes

Levels and vault maps discovered:
D:1:      heliophobic_arrival_enchanted_forest, layout_basic,
          hellmonk_ecumenical_altar_crossroads
D:2:      layout_rooms, minmay_stone_trees_small, minmay_box_of_dots
D:3:      layout_loops_ring, minmay_cupped, uniq_pargi
D:4:      layout_gridville, serial_shops, nicolae_shop_crystal,
          amethyst_killhole, serial_bayou_ford_a, uniq_blork_the_orc,
          uniq_sigmund
D:5:      layout_basic

Skill      XL: |  1  2  3  4  5  6  7 |
---------------+----------------------+-----
Unarmed Combat | 4 6 7 8 9 |  9.6
Fighting       | |  0.7
Dodging        | |  1.5
Spellcasting   | |  1.2
Transmutations | |  1.3

Action                   |  1- 3 |  4- 6 |  7- 9 || total
-------------------------+-------+-------+-------++-------
Melee: Unarmed           |    89 |    77 |    85 ||   251
       Punch             |     1 |     4 |     2 ||     7
       Headbutt          |       |     2 |     2 ||     4
       Kick              |       |     1 |       ||     1
 Cast: Beastly Appendage |       |     3 |     1 ||     4
       Wereblood         |       |     1 |       ||     1
  Use: Scroll            |     2 |     6 |     2 ||    10
       Potion            |       |       |     1 ||     1
Armor: Robe              |    30 |    17 |       ||    47
       Troll leather arm |       |     6 |    26 ||    32
Dodge: Dodged            |    25 |    29 |    36 ||    90

Table legend: (Time is in decaauts)
 A = Elapsed time spent in this place.
 B = Non-inter-level travel time spent in this place.
 C = Inter-level travel time spent in this place.
 D = Time resting spent in this place.
 E = Time spent auto-exploring this place.
 F = Levels seen in this place.
 G = Mean time per level.
                   A        B        C        D        E       F      G
               +--------+--------+--------+--------+--------+-----+--------+
         Total |   2996 |   2916 |     80 |    115 |   2217 |   5 |  599.2 |
       Dungeon |   2996 |   2916 |     80 |    115 |   2217 |   5 |  599.2 |
               +--------+--------+--------+--------+--------+-----+--------+

Top non-repeatable levels by time:
     D:1: 787 daAuts
     D:3: 654 daAuts
     D:4: 558 daAuts
     D:2: 546 daAuts
     D:5: 448 daAuts
